 Dungeon Crawl Stone Soup version 0.20.0-8-g6b59dc7 (webtiles) character file.

115 Ketharn the Covered (level 4, -13/42 HPs)
             Began as a Deep Dwarf Fighter on May 30, 2017.
             Was a Follower of Dithmenos.
             Mangled by a green very ugly thing (17 damage)
             ... on level 1 of the Abyss.
             The game lasted 00:09:38 (2041 turns).

Ketharn the Covered (Deep Dwarf Fighter)            Turns: 2041, Time: 00:09:39

Health: -13/42     AC:  7    Str: 19 (20) XL:     4   Next: 68%
Magic:  3/3        EV:  7    Int:  7 (9)  God:    Dithmenos [*.....]
Gold:   62         SH:  9    Dex: 10 (12) Spells: 3/3 levels left

rFire    . . .     SeeInvis .   a - +0 war axe
rCold    . . .     Gourm    .   c - +0 shield
rNeg     . . .     Faith    .   b - +0 scale mail
rPois    .         Spirit   .   (no helmet)
rElec    .         Reflect  .   (no cloak)
rCorr    .         Harm     .   (no gloves)
MR       .....                  (no boots)
Stlth    ..........             (no amulet)
Regen    0.0/turn               (no ring)
MPRegen  0.1/turn               (no ring)

@: lethally poisoned (-13 -> -49), non-regenerating, wreathed by umbra
A: damage resistance, heal wounds, sense surroundings 1, [screaming 3], no
regeneration
a: Heal Wounds, Renounce Religion


You were on level 1 of the Abyss.
You worshipped Dithmenos.
Dithmenos was aware of your devotion.
You were full.

You visited 1 branch of the dungeon, and saw 3 of its levels.
You visited the Abyss 1 time.

You collected 62 gold pieces.

Inventory:

Hand Weapons
 a - a +0 war axe (weapon)
 u - a +0 flail of distortion
 v - a +2 vampiric dagger
 w - a +2 dagger of venom
Missiles
 i - 52 stones (quivered)
Armour
 b - a +0 scale mail (worn)
 c - a +0 shield (worn)
 n - a +0 chain mail
Jewellery
 g - an uncursed ring of resist corrosion {unknown}
 p - an uncursed amulet of rage {unknown}
 t - a cursed ring of loudness {unknown}
Scrolls
 e - a scroll of teleportation {unknown}
 k - 2 scrolls of enchant armour {unknown}
 l - a scroll of noise {unknown}
 m - a scroll of fog {unknown}
 o - a scroll of recharging {unknown}
 q - a scroll of immolation {unknown}
 r - 3 scrolls of identify {unknown}
 s - 2 scrolls of remove curse {unknown}
Potions
 d - a potion of might
 x - a potion of agility {unknown}
Comestibles
 f - 2 bread rations
 h - 7 fruits
 j - 3 meat rations


   Skills:
 + Level 3.1 Fighting
 - Level 3.6(3.7) Axes
 * Level 0.6(2.1) Maces & Flails
 * Level 1.0 Throwing
 + Level 3.8 Armour
 + Level 3.8 Shields


You had 3 spell levels left.
You didn't know any spells.

Dungeon Overview and Level Annotations

Branches:
Dungeon (3/15)

Altars:
Dithmenos
Fedhas
Ru
Sif Muna
Vehumet


Innate Abilities, Weirdness & Mutations

You are resistant to damage.
You can heal yourself by infusing magical energy.
You passively map a small area around you.
You do not regenerate.
[You frequently scream uncontrollably at your foes.]


Message History

You enter the shallow water.
Moving in this stuff is going to be slow.
Why would you want to do that? Why would you want to do that?
You scream at the green very ugly thing!
A green very ugly thing comes into view.
You scream at the green very ugly thing!
The green very ugly thing gurgles horribly!
A small abomination comes into view.
You scream at the stone giant zombie!
A stone giant zombie comes into view.
You hear a hideous shriek!
The green very ugly thing tail-slaps you!!
* * * LOW HITPOINT WARNING * * *
You are lethally poisoned!
The green very ugly thing poisons you!
* * * LOW HITPOINT WARNING * * *
You feel very sick.
The green very ugly thing tail-slaps you!!
You die...

##..#.##≈≈≈≈≈≈≈.
.##.≈≈≈≈≈≈≈≈ ##......#
#≈≈≈≈≈≈≈≈≈.#.##......#
≈≈≈ ≈♣#. ..##.......#
≈♣≈≈.##..##.#........#
# # .....#.#.......#
.# # ##.#.#.......# #.
#..#.#......# ##
#.#.#.##..u@....# #
#......#Z####### #
###........#
##.#..#.Z.# .#
##...#x....
#.###....#.. ..# ...##
. .# #.## .


You could see a green very ugly thing and a stone giant zombie.

Vanquished Creatures
  An orc priest (D:3)
  2 adders
  2 dart slugs (D:1)
  A leopard gecko (D:1)
  7 orcs (D:3)
  A giant cockroach (D:1)
  2 goblins
  6 hobgoblins
  8 jackals
  A ball python (D:2)
  6 bats
  A frilled lizard (D:2)
  7 kobolds
  7 rats
52 creatures vanquished.

Notes
Turn   | Place    | Note
-------+----------+-------------------------------------------
     0 | D:1      | Ketharn the Deep Dwarf Fighter began the quest for the Orb.
     0 | D:1      | Reached XP level 1. HP: 20/20 MP: 1/1
   112 | D:1      | Reached XP level 2. HP: 17/27 MP: 2/2
   515 | D:1      | Reached XP level 3. HP: 17/34 MP: 3/3
   524 | D:2      | Found a faded altar of an unknown god.
   539 | D:2      | Became a worshipper of Dithmenos the Shadowed
   539 | D:2      | Reached * piety under Dithmenos
   619 | D:2      | Found a blossoming altar of Fedhas.
  1408 | D:2      | Found a deep blue altar of Sif Muna.
  1415 | D:2      | Found a sacrificial altar of Ru.
  1415 | D:2      | Found a radiant altar of Vehumet.
  1651 | D:3      | Reached XP level 4. HP: 27/42 MP: 4/4
  1820 | D:3      | Reached skill level 1 in Throwing
  1869 | D:3      | Reached ** piety under Dithmenos
  1879 | D:3      | Cast into level 1 of the Abyss (a distortion unwield)
  1896 | Abyss:1  | Noticed a wretched star
  1922 | Abyss:1  | Noticed a spatial maelstrom
  1923 | Abyss:1  | Noticed a spatial vortex
  1923 | Abyss:1  | Noticed a spatial vortex
  1924 | Abyss:1  | Noticed a spatial vortex
  1924 | Abyss:1  | Noticed a spatial vortex
  2034 | Abyss:1  | Noticed a green very ugly thing
  2037 | Abyss:1  | Noticed a stone giant zombie
  2041 | Abyss:1  | Mangled by a green very ugly thing

Skill      XL: |  1  2  3  4 |
---------------+-------------+-----
Fighting       | 3 |  3.1
Axes           | 3 |  3.6
Throwing       | 1 |  1.0
Maces & Flails | |  0.6
Armour         | |  3.8
Shields        | |  3.8

Action                   |  1- 3 |  4- 6 || total
-------------------------+-------+-------++-------
Melee: War axe           |   100 |     8 ||   108
       Flail             |       |    27 ||    27
Throw: Stone             |     5 |     4 ||     9
 Abil: Heal Wounds       |       |     2 ||     2
  Use: Potion            |     4 |       ||     4
  Eat: Bread ration      |     2 |       ||     2
Armor: Scale mail        |    58 |    13 ||    71
Dodge: Dodged            |    40 |    14 ||    54
Block: Shield            |    66 |    20 ||    86
